 Dungeon Crawl Stone Soup version 0.27.0-1-g7a089689b8 (webtiles) character file.

Game seed: 3516238547358726550

3588 Skiberibeda the Geomancer (level 10, -1/58 HPs)
             Began as a Gargoyle Earth Elementalist on Aug 7, 2021.
             Was a Follower of Vehumet.
             Slain by a wolf spider zombie (7 damage)
             ... on level 7 of the Dungeon.
             The game lasted 00:32:42 (8821 turns).

Skiberibeda the Geomancer (GrEE)                    Turns: 8821, Time: 00:32:43

Health: -1/58      AC: 13    Str: 13    XL:     10   Next: 10%
Magic:  2/19       EV: 12    Int: 18    God:    Vehumet [*.....]
Gold:   91         SH:  0    Dex: 10    Spells: 16/21 levels left

rFire    . . .     SeeInvis .   d - +2 flail (pain)
rCold    . . .     Faith    .   (no shield)
rNeg     + . .     Spirit   .   b - +0 robe
rPois    ∞         Reflect  .   m - +0 helmet
rElec    +         Harm     .   k - +0 cloak
rCorr    .         Rampage  .   (no gloves)
Will     +....                  t - +0 pair of boots
Stlth    ++........             (no amulet)
HPRegen  0.19/turn              n - ring of willpower
MPRegen  0.16/turn              (no ring)

@: no status effects
A: sickness immunity, AC +7, negative energy resistance 1, electricity
resistance, torment resistance 1, petrification resistance
a: Renounce Religion


You were on level 7 of the Dungeon.
You worshipped Vehumet.
Vehumet was aware of your devotion.
You visited 2 branches of the dungeon, and saw 8 of its levels.

You collected 235 gold pieces.
You spent 144 gold pieces at shops.

Inventory:

Hand Weapons
 d - a +2 flail of pain (weapon)
Missiles
 c - a stone
Armour
 b - a +0 robe (worn)
 k - a +0 cloak (worn)
 m - a +0 helmet (worn)
 t - a +0 pair of boots (worn)
Jewellery
 n - a ring of willpower (left hand)
Wands
 o - a wand of acid (3)
Scrolls
 a - a scroll of silence {unknown}
 g - a scroll of holy word
 h - 2 scrolls of identify {unknown}
 i - a scroll of enchant armour {unknown}
 j - a scroll of teleportation
 p - a scroll of acquirement {unknown}
 r - a scroll of immolation {unknown}
 s - a scroll of noise {unknown}
Potions
 e - 3 potions of curing
 f - 4 potions of degeneration {unknown}
 l - 2 potions of heal wounds {unknown}
 q - a potion of haste {unknown}
 u - 2 potions of ambrosia {unknown}
 v - a potion of berserk rage {unknown}
 w - a potion of brilliance {unknown}


   Skills:
 + Level 4.9 Fighting
 + Level 4.5 Maces & Flails
 + Level 4.0 Armour
 + Level 3.5 Dodging
 - Level 2.1 Stealth
 + Level 6.1 Spellcasting
 - Level 6.0 Conjurations
 - Level 0.7 Transmutations
 - Level 3.0 Fire Magic
 + Level 8.3 Earth Magic
 + Level 1.1 Evocations


You had 16 spell levels left.
You knew the following spells:

 Your Spells              Type           Power      Damage    Failure   Level
a - Sandblast             Erth           70%        2d15      1%          1
b - Stone Arrow           Conj/Erth      62%        3d10      1%          3
c - Foxfire               Conj/Fire      84%        2x1d8     1%          1

Your spell library contained the following spells:

 Spells                   Type           Power      Damage    Failure   Level
 Passwall                 Tmut/Erth      17%        N/A       2%          2
 Beastly Appendage        Tmut           16%        N/A       9%          1
 Sting                    Tmut/Pois      24%        1d4       11%         1
 Wereblood                Tmut           8%         N/A       13%         2
 Poisonous Vapours        Pois/Air       10%        N/A       19%         2
 Petrify                  Tmut/Erth      21%        N/A       19%         4
 Spider Form              Tmut/Pois      3%         N/A       30%         3
 Tukima's Dance           Hex            5%         N/A       34%         3
 Olgreb's Toxic Radiance  Pois           5%         N/A       75%         4
 Passage of Golubria      Tloc           N/A        N/A       75%         4
 Yara's Violent Unravell  Hex/Tmut       3%         3d4       96%         5


Dungeon Overview and Level Annotations

Branches:
Dungeon (7/15)             Temple (1/1) D:6

Altars:
Ashenzari
Cheibriados
Dithmenos
Elyvilon
Fedhas
Gozag
Kikubaaqudgha
Makhleb
Nemelex Xobeh
Okawaru
Qazlal
Ru
Sif Muna
Trog
Uskayaw
Vehumet
Wu Jian
Xom
Yredelemnul
Zin
The Shining One

Shops:
D:4 !


Innate Abilities, Weirdness & Mutations

You are immune to sickness and miasma.
Your stone body is resilient. (AC +7)
You are immune to poison.
You resist negative energy. (rN+)
You are resistant to electric shocks. (rElec)
You are resistant to unholy torment.
You are immune to petrification.


Message History

The wolf spider zombie is moderately damaged.
The wolf spider zombie hits you.
The wolf spider zombie barely misses you.
You hit the wolf spider zombie.
The wolf spider zombie is moderately damaged.
The wolf spider zombie hits you.
The wolf spider zombie closely misses you.
The wolf spider zombie barely misses you.
The wolf spider zombie bites you but does no damage.
You barely miss the wolf spider zombie.
The wolf spider zombie is moderately damaged.
The wolf spider zombie hits you!
The wolf spider zombie barely misses you.
You hit the wolf spider zombie.
The wolf spider zombie is moderately damaged.
The wolf spider zombie hits you.
The wolf spider zombie bites you but does no damage.
The shadow imp closely misses you. The wolf spider zombie hits you.
The wolf spider zombie bites you but does no damage.
You are too injured to fight recklessly!
Casting: Foxfire (safe; 1% risk of failure)
Confirm with . or Enter, or press ? or * to list all spells.
Aiming: Sandblast (safe; 1% risk of failure)
Press: ? - help, Shift-Dir - straight line, f - wolf spider zombie
Aim: a wolf spider zombie (moderately damaged, 94% to hit)
The blast of sand hits the wolf spider zombie!
The wolf spider zombie is heavily damaged.
The wolf spider zombie closely misses you.
The wolf spider zombie completely misses you.
The shadow imp hits you but does no damage.
The wolf spider zombie hits you!
* * * LOW HITPOINT WARNING * * *
The wolf spider zombie bites you but does no damage.
Casting: Sandblast (safe; 1% risk of failure)
Confirm with . or Enter, or press ? or * to list all spells.
Okay, then.
The wolf spider zombie hits you!
* * * LOW HITPOINT WARNING * * *
The wolf spider zombie bites you!
You die...

##.##...<#.##
#.....##.#.#####
#...####..).)..####
##### #..[###....#
##..# ####)..#
##.## #..# #5.# ..#
#Z.# . #@.# #<.#
##.# ###


You could see a shadow imp and a wolf spider zombie.

Vanquished Creatures
  3 centaur zombies (D:7)
  Maggie (D:7)
  Prince Ribbit (D:6)
  Edmund (D:6)
  A water moccasin (D:5)
  An ice beast (D:6)
  Duvessa (D:5)
  A hornet zombie (D:6)
  A sky beast (D:7)
  2 ogres
  A centaur (D:6)
  A phantom (D:5)
  A bullfrog (D:6)
  A water moccasin zombie (D:5)
  Dowan (D:5)
  3 scorpions
  3 water moccasin skeletons
  2 electric eels (D:6)
  3 jellies
  2 gnoll shamans
  2 orc priests
  2 hounds
  Jessica (D:3)
  An iguana (D:4)
  An orc wizard (D:6)
  Robin (D:3)
  7 gnolls
  5 adders
  A shadow imp (D:7)
  3 ufetubi
  A worm (D:3)
  4 dart slugs
  15 orcs
  8 bats
  6 endoplasms
  13 giant cockroaches
  11 goblins
  13 hobgoblins
  5 jackals
  7 kobolds
  3 quokkas
  8 ball pythons
  5 frilled lizards
  4 rats
158 creatures vanquished.

Vanquished Creatures (others)
  45 foxfires
  6 plants
  11 withered plants (D:7)
62 creatures vanquished.

Grand Total: 220 creatures vanquished

Notes
Turn   | Place    | Note
-------+----------+-------------------------------------------
     0 | D:1      | Skiberibeda the Gargoyle Earth Elementalist began the quest
                  | for the Orb.
     0 | D:1      | Reached XP level 1. HP: 10/10 MP: 3/3
   396 | D:1      | Reached XP level 2. HP: 15/15 MP: 5/5
   430 | D:1      | Reached skill level 4 in Earth Magic
   601 | D:1      | You fall into a shaft and drop 1 floor!
   770 | D:1      | Reached XP level 3. HP: 8/19 MP: 1/6
  1023 | D:1      | Found a faded altar of an unknown god.
  1888 | D:2      | Reached XP level 4. HP: 24/24 MP: 8/8
  2061 | D:3      | Learned a level 3 spell: Stone Arrow
  2183 | D:3      | Reached skill level 5 in Earth Magic
  2232 | D:3      | Noticed Robin
  2516 | D:3      | Killed Robin
  2517 | D:3      | Reached skill level 1 in Conjurations
  2725 | D:3      | Noticed Jessica
  2733 | D:3      | Killed Jessica
  2734 | D:3      | Reached XP level 5. HP: 28/28 MP: 6/10
  2852 | D:3      | You fall into a shaft and drop 3 floors!
  2859 | D:5      | Entered Level 5 of the Dungeon
  2895 | D:5      | Noticed an ogre
  2904 | D:5      | Killed an ogre
  2905 | D:5      | Reached XP level 6. HP: 32/32 MP: 7/11
  3247 | D:4      | Found Abrekh's Distillery.
  3252 | D:4      | Bought 2 potions of curing for 72 gold pieces
  3252 | D:4      | Bought a potion of lignification for 36 gold pieces
  3252 | D:4      | Bought a potion of attraction for 36 gold pieces
  3364 | D:4      | Reached skill level 6 in Earth Magic
  3468 | D:4      | Found a sacrificial altar of Ru.
  3468 | D:4      | Found a radiant altar of Vehumet.
  3490 | D:4      | Became a worshipper of Vehumet
  3921 | D:3      | Reached XP level 7. HP: 36/36 MP: 13/13
  4091 | D:4      | Found a white marble altar of Elyvilon.
  4220 | D:4      | Found a blossoming altar of Fedhas.
  4245 | D:4      | Reached * piety under Vehumet
  4245 | D:4      | Offered knowledge of Foxfire by Vehumet.
  4248 | D:4      | Learned a level 1 spell: Foxfire
  4610 | D:4      | Reached skill level 1 in Armour
  4899 | D:5      | Reached skill level 1 in Fighting
  4899 | D:5      | Reached skill level 1 in Maces & Flails
  4899 | D:5      | Reached skill level 1 in Evocations
  4965 | D:5      | Reached skill level 1 in Fire Magic
  5188 | D:5      | Reached XP level 8. HP: 44/44 MP: 7/14
  5522 | D:5      | Noticed Duvessa
  5522 | D:5      | Noticed Dowan
  5731 | D:5      | Found a glowing golden altar of the Shining One.
  5732 | D:5      | Found a burning altar of Makhleb.
  5845 | D:6      | Noticed Edmund
  5850 | D:6      | Killed Edmund
  6091 | D:6      | Found a sparkling altar of Nemelex Xobeh.
  6306 | D:6      | Noticed Prince Ribbit
  6315 | D:6      | Killed Prince Ribbit
  6316 | D:6      | Reached skill level 5 in Spellcasting
  6316 | D:6      | Reached skill level 7 in Earth Magic
  6401 | D:6      | Reached skill level 5 in Conjurations
  6852 | D:6      | Reached XP level 9. HP: 27/51 MP: 12/16
  7319 | D:6      | Found a staircase to the Ecumenical Temple.
  7325 | Temple   | Entered the Ecumenical Temple
  7667 | D:7      | Noticed a hellwing
  7815 | D:5      | Killed Duvessa
  7912 | D:5      | Killed Dowan
  8372 | D:6      | HP: 1/52 [hellwing (12)]
  8378 | D:6      | HP: 1/52 [hellwing (1)]
  8709 | D:7      | Reached skill level 8 in Earth Magic
  8716 | D:7      | Noticed Maggie
  8734 | D:7      | Killed Maggie
  8735 | D:7      | Reached XP level 10. HP: 56/58 MP: 1/19
  8821 | D:7      | Slain by a wolf spider zombie

Illustrated notes

Levels and vault maps discovered:
D:1:      lemuel_arrival_room, layout_loops_ring,
          dreamdust_ecumenical_altar_grove
D:2:      layout_basic
D:3:      minmay_roachtagon, layout_rooms, uniq_jessica, uniq_robin
D:4:      layout_gridville, overflow_temple_1_default,
          mainiacjoe_overflow_divided_tiny, nicolae_overflow_crystal_walls,
          serial_shops, shop
D:5:      layout_rooms, amethyst_overflow_temple_binary, uniq_duvessa
D:6:      layout_loops_ring, nemelex_spade_bored_becter,
          minmay_temple_entry_fiery, serial_bayou_lagoon_b, uniq_edmund,
          uniq_prince_ribbit1
D:7:      cheibrodos_grave_circle, layout_rooms, uniq_maggie
Temple:   dpeg_chambers_temple

Skill      XL: |  1  2  3  4  5  6  7  8  9 10 |
---------------+-------------------------------+-----
Earth Magic    | 4 5 6 7 8 |  8.3
Spellcasting   | 3 4 5 6 |  6.1
Conjurations   | 1 3 4 5 6 |  6.0
Armour         | 1 2 3 4 |  4.0
Fighting       | 1 3 4 |  4.9
Maces & Flails | 1 3 4 |  4.5
Evocations     | 1 |  1.1
Fire Magic     | 1 3 |  3.0
Dodging        | 2 3 |  3.5
Stealth        | |  2.1
Transmutations | |  0.7

Action                   |  1- 3 |  4- 6 |  7- 9 | 10-12 || total
-------------------------+-------+-------+-------+-------++-------
Melee: Dagger            |   121 |    72 |       |       ||   193
       Flail             |       |    86 |   152 |    12 ||   250
 Cast: Sandblast         |    23 |    61 |    67 |     3 ||   154
       Stone Arrow       |       |     1 |    39 |     3 ||    43
       Foxfire           |       |       |    24 |     3 ||    27
  Use: Scroll            |       |     1 |     2 |       ||     3
       Potion            |       |     1 |       |       ||     1
 Stab: Sleeping          |     3 |     1 |     2 |       ||     6
Armor: Robe              |    74 |   105 |   143 |    10 ||   332
Dodge: Dodged            |   109 |   174 |   184 |    10 ||   477
